[Event "Najdorf Memorial-A 2022"]
[Site "Warsaw"]
[Date "2022.07.10"]
[Round "2.2"]
[White "Markiewicz, Jerzy"]
[Black "Haliniak, Wojciech"]
[Result "1-0"]
[ECO "C11"]
[WhiteElo "2205"]
[BlackElo "1827"]
[Annotator "RC"]
[PlyCount "77"]
[EventDate "2022.07.09"]
[EventType "swiss"]
[EventCountry "POL"]
[SourceTitle "playchess.com"]
[Source "ChessBase"]
[SourceQuality "1"]
[TimeControl "40/5400+30:1800+30"]

1. e4 e6 2. d4 d5 3. Nc3 Nf6 4. e5 Nfd7 5. Nce2 c5 6. c3 Nc6 7. Nf3 Qb6 8. a3 f6 9. b4 fxe5 10. bxc5 Nxc5 11. Nxe5 Nxe5 12. dxe5 Qc7 13. f4 Ne4 14. Qd3 g5 15. fxg5 Bc5 16. Be3 Bxe3 17. Qxe3 Qxe5 18. Ng3 Qxc3+ 19. Qxc3 Nxc3 20. Rc1 d4 21. Bd3 O-O 22. Nh5 e5 23. Nf6+ Kg7 24. O-O Be6 25. Rf2 Rac8 26. Re1 Nd5 27. Nh5+ Kg8 28. Rxf8+ Kxf8 29. Rxe5 Bg8 30. Re4 Rc3 31. Rxd4 Rxa3 32. Nf6 Nxf6 33. gxf6 Be6 34. Bxh7 Kf7 35. Rf4 Ra2 36. g4 Bxg4 37. Bg6+ Kf8 38. Rxg4 Ra6 39. Rf4 1-0

[Event "Najdorf Memorial-A 2022"]
[Site "Warsaw"]
[Date "2022.07.10"]
[Round "2.3"]
[White "Maslanka, Wojciech"]
[Black "Pacan-Milej, Kosma"]
[Result "0-1"]
[ECO "E70"]
[WhiteElo "2000"]
[BlackElo "2412"]
[Annotator "RC"]
[PlyCount "90"]
[EventDate "2022.07.09"]
[EventType "swiss"]
[EventCountry "POL"]
[SourceTitle "playchess.com"]
[Source "ChessBase"]
[SourceQuality "1"]
[TimeControl "40/5400+30:1800+30"]

1. d4 Nf6 2. c4 g6 3. Nc3 Bg7 4. e4 O-O 5. h4 d6 6. Be2 Nc6 7. d5 Ne5 8. h5 gxh5 9. Nh3 e6 10. Nf4 exd5 11. cxd5 h4 12. Be3 Nfg4 13. Bd2 f5 14. f3 Nf6 15. Qb3 fxe4 16. fxe4 Ng6 17. Nxg6 hxg6 18. O-O-O Ng4 19. Rhf1 Ne5 20. Nb5 Bd7 21. Nd4 Rxf1 22. Rxf1 b6 23. Bb5 Bg4 24. Ne6 Bxe6 25. dxe6 Qe7 26. Bc3 Rf8 27. Rxf8+ Kxf8 28. Bxe5 Bxe5 29. Qf3+ Kg7 30. Bc4 Qg5+ 31. Kc2 Bf6 32. Bd5 c6 33. Bb3 Qe5 34. Kd1 Qd4+ 35. Ke1 Qxb2 36. Qd3 Qe5 37. Kf1 Qf4+ 38. Kg1 Qc1+ 39. Kf2 Qf4+ 40. Kg1 c5 41. Qf3 Qc1+ 42. Kh2 c4 43. Ba4 Qg5 44. Bd7 c3 45. Qd3 Qg3+ 0-1

[Event "Najdorf Memorial-A 2022"]
[Site "Warsaw"]
[Date "2022.07.10"]
[Round "2.3"]
[White "Ratajczak, Hubert"]
[Black "Vanduyfhuys, Daria"]
[Result "1-0"]
[ECO "B90"]
[WhiteElo "1943"]
[BlackElo "2094"]
[Annotator "NA RC"]
[PlyCount "80"]
[EventDate "2022.07.09"]
[EventType "swiss"]
[EventCountry "POL"]
[SourceTitle "playchess.com"]
[Source "ChessBase"]
[SourceQuality "1"]
[TimeControl "40/5400+30:1800+30"]

1. e4 c5 2. Nf3 d6 3. d4 cxd4 4. Nxd4 Nf6 5. Nc3 a6 6. h4 e5 7. Nb3 Be7 8. Bg5 Be6 9. Bxf6 Bxf6 10. g3 O-O 11. Qd2 Nc6 12. O-O-O Bxb3 13. cxb3 Nd4 14. Bh3 b5 15. Nd5 Ra7 16. Kb1 Be7 17. Qd3 Qa8 18. Rc1 a5 19. Rc3 b4 20. Rc4 Bd8 21. Rhc1 a4 22. Rxb4 f5 23. Qc4 Kh8 24. exf5 axb3 25. a3 Ba5 26. Ra4 h6 27. Bg2 Bd2 28. Rxa7 Qxa7 29. Rd1 Ba5 30. g4 Qd7 31. Rc1 Bd2 32. Qc7 Qb5 33. Rc4 Ba5 34. Nc3 Qa6 35. Qe7 Qxc4 36. Qxf8+ Kh7 37. f6 Qd3+ 38. Ka1 Nc2+ 39. Kb1 Nxa3+ 40. Ka1 Qb1+ 1-0

[Event "Najdorf Memorial-A 2022"]
[Site "Warsaw"]
[Date "2022.07.10"]
[Round "2.4"]
[White "Romanishin, Oleg M"]
[Black "Dovzhenko, Alexander"]
[Result "1-0"]
[ECO "A05"]
[WhiteElo "2404"]
[BlackElo "1973"]
[Annotator "RC"]
[PlyCount "37"]
[EventDate "2022.07.09"]
[EventType "swiss"]
[EventCountry "POL"]
[SourceTitle "playchess.com"]
[Source "ChessBase"]
[SourceQuality "1"]
[TimeControl "40/5400+30:1800+30"]

1. Nf3 Nf6 2. g3 g6 3. c4 Bg7 4. Bg2 O-O 5. O-O d6 6. d4 a5 7. Nc3 Nbd7 8. d5 Nc5 9. Nd4 e5 10. dxe6 fxe6 11. Nb3 Nxb3 12. axb3 Ra6 13. e4 Nd7 14. Be3 Qe7 15. f4 e5 16. Nd5 Qd8 17. f5 Nc5 18. f6 Bxf6 19. Nxf6+ 1-0

[Event "Najdorf Memorial-A 2022"]
[Site "Warsaw"]
[Date "2022.07.10"]
[Round "2.4"]
[White "Janeczko, Jakub"]
[Black "Lee, Hyuk"]
[Result "1-0"]
[ECO "C42"]
[WhiteElo "2080"]
[BlackElo "1880"]
[Annotator "NA RC"]
[PlyCount "76"]
[EventDate "2022.07.09"]
[EventType "swiss"]
[EventCountry "POL"]
[SourceTitle "playchess.com"]
[Source "ChessBase"]
[SourceQuality "1"]
[TimeControl "40/5400+30:1800+30"]

1. e4 e5 2. Nf3 Nf6 3. Nxe5 d6 4. Nf3 Nxe4 5. d3 Nf6 6. d4 d5 7. Bd3 Bd6 8. O-O O-O 9. Re1 Bg4 10. Nbd2 Nbd7 11. Nf1 Re8 12. Rxe8+ Qxe8 13. Ne3 Bh5 14. h3 c6 15. Nf5 Bc7 16. b3 Ne4 17. Ba3 Ndf6 18. Qc1 Qd7 19. Ne7+ Kh8 20. Ne5 Qe6 21. Qf4 Re8 22. g4 g5 23. Qf5 Nd6 24. Qxg5 Qxe7 25. Re1 Qd8 26. Qh6 Bg6 27. Bxg6 fxg6 28. Bxd6 Bxd6 29. Nf7+ Kg8 30. Nxd8 Rxe1+ 31. Kg2 Ne4 32. Ne6 Kf7 33. Ng5+ Nxg5 34. Qxg5 Re7 35. Qd2 Ke8 36. c3 Rf7 37. h4 Bf4 38. Qe2+ Kd7 1-0

[Event "Najdorf Memorial-A 2022"]
[Site "Warsaw"]
[Date "2022.07.10"]
[Round "2.5"]
[White "Shilov, Sergej"]
[Black "Skrzypczynski, Kacper"]
[Result "1-0"]
[ECO "A29"]
[WhiteElo "2048"]
[BlackElo "1793"]
[Annotator "NA RC"]
[PlyCount "43"]
[EventDate "2022.07.09"]
[EventType "swiss"]
[EventCountry "POL"]
[SourceTitle "playchess.com"]
[Source "ChessBase"]
[SourceQuality "1"]
[TimeControl "40/5400+30:1800+30"]

1. c4 Nf6 2. Nc3 e5 3. Nf3 Nc6 4. g3 Bc5 5. Nxe5 Bxf2+ 6. Kxf2 Nxe5 7. d4 Nxc4 8. e4 Nb6 9. e5 Nfd5 10. Qg4 Kf8 11. Nxd5 Nxd5 12. Qf3 Nb6 13. d5 Qe7 14. Bg2 Qxe5 15. Re1 Qd4+ 16. Be3 Qxb2+ 17. Kg1 d6 18. Rab1 Qxa2 19. Bxb6 cxb6 20. Qe3 g5 21. Qe7+ Kg7 22. Qxg5+ 1-0

[Event "Najdorf Memorial-A 2022"]
[Site "Warsaw"]
[Date "2022.07.10"]
[Round "2.5"]
[White "Podgorski, Maciej"]
[Black "Golubka, Petro"]
[Result "0-1"]
[ECO "B99"]
[WhiteElo "1967"]
[BlackElo "2378"]
[Annotator "RC"]
[PlyCount "74"]
[EventDate "2022.07.09"]
[EventType "swiss"]
[EventCountry "POL"]
[SourceTitle "playchess.com"]
[Source "ChessBase"]
[SourceQuality "1"]
[TimeControl "40/5400+30:1800+30"]

1. e4 c5 2. Nf3 d6 3. d4 cxd4 4. Nxd4 Nf6 5. Nc3 a6 6. Bg5 e6 7. f4 Nbd7 8. Qf3 Qc7 9. O-O-O Be7 10. g4 b5 11. Bxf6 Nxf6 12. g5 Nd7 13. f5 Ne5 14. Qh5 g6 15. Qe2 Bxg5+ 16. Kb1 b4 17. Na4 Bd7 18. b3 Ke7 19. Nb2 Rhc8 20. h4 Bf6 21. fxe6 fxe6 22. h5 g5 23. Bg2 g4 24. Rhf1 Bb5 25. Nxb5 axb5 26. Qd2 Ra6 27. Rxf6 Kxf6 28. Qh6+ Ke7 29. Qxh7+ Kd8 30. Qg8+ Kd7 31. Qg7+ Kc6 32. Qf6 Kb7 33. Qf2 g3 34. Qd2 Qa5 35. Qd4 Qxa2+ 36. Kc1 Rac6 37. Qd2 Qa1# 0-1

[Event "Najdorf Memorial-A 2022"]
[Site "Warsaw"]
[Date "2022.07.10"]
[Round "2.6"]
[White "Kaczmarska, Joanna"]
[Black "Sarkar, Justin"]
[Result "1/2-1/2"]
[ECO "B20"]
[WhiteElo "1965"]
[BlackElo "2346"]
[Annotator "RC"]
[PlyCount "96"]
[EventDate "2022.07.09"]
[EventType "swiss"]
[EventCountry "POL"]
[SourceTitle "playchess.com"]
[Source "ChessBase"]
[SourceQuality "1"]
[TimeControl "40/5400+30:1800+30"]

1. e4 c5 2. c4 Nc6 3. Nc3 g6 4. d3 Bg7 5. Be3 d6 6. Qd2 a6 7. Nge2 Nd4 8. Rb1 e6 9. Bg5 Qa5 10. b3 Ne7 11. Nxd4 Bxd4 12. Ne2 Qxd2+ 13. Bxd2 Bg7 14. Bc3 Bxc3+ 15. Nxc3 Nc6 16. g3 Rb8 17. Bg2 b5 18. O-O b4 19. Ne2 e5 20. Ra1 g5 21. f4 gxf4 22. gxf4 Ke7 23. f5 f6 24. Rf3 Bb7 25. Rg3 Rhg8 26. Kf2 a5 27. a4 bxa3 28. Rxa3 Rxg3 29. hxg3 Ra8 30. Nc3 Nd4 31. Ra1 Bc6 32. Ra3 Rb8 33. Rxa5 Rxb3 34. Ra7+ Kf8 35. Nd5 Bxd5 36. exd5 Rb2+ 37. Kg1 Nxf5 38. Be4 Nxg3 39. Bxh7 f5 40. Rd7 f4 41. Rxd6 Kg7 42. Be4 Nxe4 43. dxe4 Re2 44. Re6 Rxe4 45. d6 Rxc4 46. Rxe5 Rd4 47. Rxc5 Rxd6 48. Kf2 Kg6 1/2-1/2

[Event "Najdorf Memorial-A 2022"]
[Site "Warsaw"]
[Date "2022.07.10"]
[Round "2.6"]
[White "Adamski, Adam"]
[Black "Backiel, Hubert"]
[Result "0-1"]
[ECO "B94"]
[WhiteElo "1784"]
[BlackElo "2045"]
[Annotator "NA RC"]
[PlyCount "82"]
[EventDate "2022.07.09"]
[EventType "swiss"]
[EventCountry "POL"]
[SourceTitle "playchess.com"]
[Source "ChessBase"]
[SourceQuality "1"]
[TimeControl "40/5400+30:1800+30"]

1. e4 c5 2. Nf3 d6 3. d4 cxd4 4. Nxd4 Nf6 5. Nc3 a6 6. Bg5 Nbd7 7. f4 Qc7 8. Qf3 b5 9. Bd3 Bb7 10. a3 g6 11. Bh4 Bg7 12. Bf2 O-O 13. O-O e5 14. Nde2 Rfe8 15. f5 d5 16. Ng3 Nc5 17. Bxc5 Qxc5+ 18. Kh1 Kh8 19. fxg6 fxg6 20. Qe2 d4 21. Nd1 Bc8 22. Nf2 Bh6 23. Rfe1 Ra7 24. a4 b4 25. b3 Bf4 26. Nf1 Rf8 27. Nd2 a5 28. Bc4 Qe7 29. Nd3 Bg4 30. Nf3 Nh5 31. Rf1 Qg7 32. Qe1 g5 33. Ndxe5 Bxf3 34. Nxf3 Qh6 35. g4 Ng3+ 36. Kg2 Nxf1 37. Qxf1 Re7 38. Qd3 Be3 39. Rf1 Rf4 40. h3 Rexe4 41. Nh2 Qh4 0-1

[Event "Najdorf Memorial-A 2022"]
[Site "Warsaw"]
[Date "2022.07.10"]
[Round "2.7"]
[White "Zdybel, Przemyslaw"]
[Black "Michalska, Aleksandra"]
[Result "1-0"]
[ECO "B06"]
[WhiteElo "2026"]
[BlackElo "1814"]
[Annotator "NA RC"]
[PlyCount "103"]
[EventDate "2022.07.09"]
[EventType "swiss"]
[EventCountry "POL"]
[SourceTitle "playchess.com"]
[Source "ChessBase"]
[SourceQuality "1"]
[TimeControl "40/5400+30:1800+30"]

1. e4 g6 2. d4 Bg7 3. Nc3 d6 4. Be3 Nf6 5. Qd2 Ng4 6. Bf4 e5 7. dxe5 Nxe5 8. O-O-O Nbc6 9. Bg5 f6 10. Bh6 Bxh6 11. Qxh6 Qd7 12. h3 Qf7 13. Nd5 Nd8 14. f4 Nec6 15. Nf3 Be6 16. g4 Kd7 17. f5 Bxd5 18. exd5 Ne5 19. Nxe5+ dxe5 20. Bd3 Rg8 21. fxg6 hxg6 22. Rhf1 Ke7 23. Qe3 Qxd5 24. Be4 Qb5 25. Bd5 Ne6 26. g5 Nxg5 27. Qa3+ c5 28. Bxg8 Rxg8 29. Qxa7 Ne6 30. a4 Qc6 31. Rd3 Rd8 32. Rb3 Rd7 33. Kb1 Qg2 34. Rc1 g5 35. Rb6 Qd5 36. a5 c4 37. Qa8 Nd8 38. Rf1 f5 39. Rg6 c3 40. Rg7+ Kf6 41. Rxd7 Qxd7 42. a6 bxa6 43. Qxa6+ Qc6 44. Qd3 Qc8 45. b4 f4 46. h4 gxh4 47. Rg1 Nf7 48. Rg6+ Ke7 49. Rg7 Qc6 50. b5 Qb7 51. Rxf7+ Kxf7 52. Qh7+ 1-0

[Event "Najdorf Memorial-A 2022"]
[Site "Warsaw"]
[Date "2022.07.10"]
[Round "2.7"]
[White "Polak, Michal"]
[Black "Nowak, Lukasz"]
[Result "*"]
[ECO "B90"]
[WhiteElo "1944"]
[BlackElo "2327"]
[Annotator "RC"]
[PlyCount "75"]
[EventDate "2022.07.09"]
[EventType "swiss"]
[EventCountry "POL"]
[SourceTitle "playchess.com"]
[Source "ChessBase"]
[SourceQuality "1"]
[TimeControl "40/5400+30:1800+30"]

1. e4 c5 2. Nf3 d6 3. d4 cxd4 4. Nxd4 Nf6 5. Nc3 a6 6. Be3 e5 7. Nf3 Be7 8. Bc4 Be6 9. Bb3 Nbd7 10. O-O Rc8 11. Bg5 O-O 12. Qe2 Qc7 13. Bxf6 Nxf6 14. Ng5 Bc4 15. Bxc4 Qxc4 16. Rfe1 b5 17. a3 Rc6 18. Nf3 Rb8 19. Nd2 Qxe2 20. Rxe2 Bd8 21. Nb3 a5 22. a4 b4 23. Nb5 Bb6 24. Rd1 Rd8 25. Kf1 Kf8 26. f3 Ke7 27. Red2 h5 28. h4 g6 29. Ke2 Ne8 30. c3 bxc3 31. Nxc3 Nc7 32. Nd5+ Nxd5 33. Rxd5 Rb8 34. Rb5 Rcc8 35. Rc1 Bd8 36. Rxc8 Rxc8 37. Kd3 Ra8 38. Nd2 *

[Event "Najdorf Memorial-A 2022"]
[Site "Warsaw"]
[Date "2022.07.10"]
[Round "2.8"]
[White "Deszczynski, Adam"]
[Black "Lewandrowski, Tomasz"]
[Result "1-0"]
[ECO "D02"]
[WhiteElo "2321"]
[BlackElo "1902"]
[Annotator "RC"]
[PlyCount "75"]
[EventDate "2022.07.09"]
[EventType "swiss"]
[EventCountry "POL"]
[SourceTitle "playchess.com"]
[Source "ChessBase"]
[SourceQuality "1"]
[TimeControl "40/5400+30:1800+30"]

1. d4 d5 2. Nf3 Nf6 3. g3 e6 4. Bg2 Be7 5. c4 O-O 6. O-O c6 7. Nc3 dxc4 8. Ne5 Nd5 9. Nxc4 Nxc3 10. bxc3 Nd7 11. a4 Nb6 12. Qb3 Nxc4 13. Qxc4 Bd7 14. Ba3 Rc8 15. a5 Rc7 16. Bc5 Bxc5 17. Qxc5 a6 18. e4 Re8 19. f4 Qe7 20. Qxe7 Rxe7 21. c4 Be8 22. e5 f6 23. Rfe1 Bf7 24. Kf2 Kf8 25. Rad1 Rcd7 26. Ke3 fxe5 27. dxe5 Bh5 28. Rd6 Rxd6 29. exd6 Rd7 30. c5 Rd8 31. Kd4 Bf7 32. Bh3 Re8 33. f5 exf5 34. Rxe8+ Kxe8 35. Bxf5 Kd8 36. Bxh7 Be6 37. Ke5 Bd7 38. h4 1-0

[Event "Najdorf Memorial-A 2022"]
[Site "Warsaw"]
[Date "2022.07.10"]
[Round "2.8"]
[White "Basiaga, Sebastian"]
[Black "Gorkiewicz, Mateusz"]
[Result "1/2-1/2"]
[ECO "C45"]
[WhiteElo "1770"]
[BlackElo "2023"]
[Annotator "NA RC"]
[PlyCount "87"]
[EventDate "2022.07.09"]
[EventType "swiss"]
[EventCountry "POL"]
[SourceTitle "playchess.com"]
[Source "ChessBase"]
[SourceQuality "1"]
[TimeControl "40/5400+30:1800+30"]

1. e4 e5 2. Nf3 Nc6 3. d4 exd4 4. Nxd4 Bc5 5. Nb3 Bb6 6. Nc3 Nf6 7. Qe2 O-O 8. Bg5 h6 9. Bh4 g5 10. Bg3 d5 11. O-O-O d4 12. f3 Be6 13. Qe1 Qe7 14. Na4 Rfd8 15. h4 Bxb3 16. axb3 Ba5 17. Qf2 g4 18. fxg4 Nxe4 19. Qf3 Nxg3 20. Qxg3 Qe3+ 21. Qxe3 dxe3 22. c3 Ne5 23. Be2 Bb6 24. Rh3 Rxd1+ 25. Kxd1 Rd8+ 26. Ke1 Nd3+ 27. Bxd3 Rxd3 28. Rg3 Kg7 29. b4 Kf6 30. Nxb6 cxb6 31. Ke2 Rd2+ 32. Kxe3 Rxb2 33. Rf3+ Kg6 34. g3 a5 35. h5+ Kg7 36. bxa5 bxa5 37. Rf5 b6 38. g5 hxg5 39. Rxg5+ Kh6 40. Rf5 a4 41. Rxf7 Kxh5 42. Ra7 b5 43. c4 bxc4 44. Ke4 1/2-1/2

[Event "Najdorf Memorial-A 2022"]
[Site "Warsaw"]
[Date "2022.07.10"]
[Round "2.9"]
[White "Chomczyk, Marek"]
[Black "Kaminski, Jan"]
[Result "1-0"]
[ECO "B90"]
[WhiteElo "2290"]
[BlackElo "1870"]
[Annotator "RC"]
[PlyCount "93"]
[EventDate "2022.07.09"]
[EventType "swiss"]
[EventCountry "POL"]
[SourceTitle "playchess.com"]
[Source "ChessBase"]
[SourceQuality "1"]
[TimeControl "40/5400+30:1800+30"]

1. e4 c5 2. Nf3 d6 3. d4 Nf6 4. Nc3 cxd4 5. Nxd4 a6 6. Rg1 e5 7. Nb3 b5 8. a4 b4 9. Nd5 Bb7 10. Nxf6+ gxf6 11. Bc4 Bxe4 12. Bd5 Bxd5 13. Qxd5 Nd7 14. Bd2 Rc8 15. Bxb4 Qb6 16. c3 f5 17. a5 Qc6 18. Qxc6 Rxc6 19. O-O-O Rg8 20. g3 Kd8 21. f4 f6 22. Kb1 Kc7 23. Rgf1 Be7 24. fxe5 fxe5 25. Rxf5 Nf6 26. Nd2 Rg7 27. Nf1 Ne4 28. Ne3 Nc5 29. Nd5+ Kd7 30. Rh5 Bd8 31. Bxc5 Rxc5 32. b4 Rc4 33. Rxe5 dxe5 34. Nb6+ Kc6 35. Nxc4 Bc7 36. Kc2 Rf7 37. Kb3 Rf2 38. Re1 Kd5 39. Ne3+ Ke6 40. Ng4 Rf3 41. Re2 Bb8 42. Nf2 Kf5 43. Kc4 h5 44. Ne4 Ba7 45. Nc5 Bxc5 46. bxc5 Ke6 47. Rd2 1-0

[Event "Najdorf Memorial-A 2022"]
[Site "Warsaw"]
[Date "2022.07.10"]
[Round "2.9"]
[White "Rejniak, Zuzanna"]
[Black "Kulpa, Zuzanna"]
[Result "1/2-1/2"]
[ECO "B53"]
[WhiteElo "1813"]
[BlackElo "1985"]
[Annotator "NA RC"]
[PlyCount "86"]
[EventDate "2022.07.09"]
[EventType "swiss"]
[EventCountry "POL"]
[SourceTitle "playchess.com"]
[Source "ChessBase"]
[SourceQuality "1"]
[TimeControl "40/5400+30:1800+30"]

1. e4 c5 2. Nf3 d6 3. d4 cxd4 4. Qxd4 a6 5. Be3 Nc6 6. Qd2 Nf6 7. Nc3 g6 8. h3 Bg7 9. Bd3 b5 10. O-O O-O 11. Bh6 Bb7 12. Bxg7 Kxg7 13. Rfe1 Rc8 14. Nd5 Nd7 15. a4 Nde5 16. Nxe5 Nxe5 17. axb5 Bxd5 18. exd5 axb5 19. Bxb5 Qb6 20. Qe2 Qd4 21. c4 Ra8 22. Rad1 Qc5 23. Qe3 Qxe3 24. Rxe3 Rfc8 25. Rc1 g5 26. Ra3 Rab8 27. Rcc3 Rc7 28. g3 Kf6 29. Ra4 Rb6 30. Rca3 e6 31. dxe6 fxe6 32. Ra6 Rxa6 33. Rxa6 Nxc4 34. Bxc4 Rxc4 35. Rxd6 Rb4 36. Rd2 h5 37. Kg2 Rb3 38. Re2 Kf5 39. Rc2 e5 40. Re2 Rb4 41. Rc2 Rb3 42. Re2 Rb4 43. Rc2 Rb3 1/2-1/2

[Event "Najdorf Memorial-A 2022"]
[Site "Warsaw"]
[Date "2022.07.10"]
[Round "2.10"]
[White "Sriram, Jha"]
[Black "Wadelek, Karol"]
[Result "1-0"]
[ECO "E16"]
[WhiteElo "2361"]
[BlackElo "1944"]
[Annotator "RC"]
[PlyCount "131"]
[EventDate "2022.07.09"]
[EventType "swiss"]
[EventCountry "POL"]
[SourceTitle "playchess.com"]
[Source "ChessBase"]
[SourceQuality "1"]
[TimeControl "40/5400+30:1800+30"]

1. d4 Nf6 2. Nf3 e6 3. c4 Bb4+ 4. Bd2 Qe7 5. g3 O-O 6. Bg2 Nc6 7. O-O Bxd2 8. Qxd2 d6 9. Nc3 e5 10. d5 Nb8 11. e4 a5 12. Ne1 Nbd7 13. Nd3 b6 14. f4 Nc5 15. Nxc5 bxc5 16. fxe5 Qxe5 17. Nb5 Bd7 18. Nxc7 Rab8 19. b3 a4 20. Qd3 h5 21. Rab1 h4 22. gxh4 Ng4 23. Qg3 Rb7 24. Nb5 Qxg3 25. hxg3 Bxb5 26. cxb5 Rxb5 27. bxa4 Ra5 28. Bf3 Nf6 29. Rb6 Rd8 30. Bd1 Nxe4 31. Rb7 Rf8 32. Rd7 Ra6 33. Bc2 Nf6 34. Bd3 Nxd7 35. Bxa6 Ra8 36. Bb5 Nb6 37. Rf3 Kf8 38. Bc6 Ra7 39. Re3 g6 40. Rb3 Nc4 41. Rb8+ Kg7 42. Kf2 Kf6 43. Ke2 Ne5 44. Bb5 Ke7 45. Kd2 Kf6 46. Rb6 Ke7 47. Kc3 Ra8 48. Kb3 Ra7 49. Bc6 Ra5 50. Rb5 Ra6 51. Bb7 Ra7 52. a5 Kd8 53. a6 Kc7 54. Kc3 Kd8 55. Rb1 Kc7 56. Rf1 Kd8 57. g4 Ke7 58. Rf4 f6 59. h5 gxh5 60. gxh5 Kf7 61. Rf1 Kg7 62. Kb3 Nd7 63. Kc4 Kh6 64. Rf5 Nb8 65. Rxf6+ Kxh5 66. Rxd6 1-0

[Event "Najdorf Memorial-A 2022"]
[Site "Warsaw"]
[Date "2022.07.10"]
[Round "2.10"]
[White "Starosciak, Szymon"]
[Black "Fiedorek, Michal"]
[Result "1-0"]
[ECO "B42"]
[WhiteElo "1901"]
[BlackElo "2289"]
[Annotator "RC"]
[PlyCount "81"]
[EventDate "2022.07.09"]
[EventType "swiss"]
[EventCountry "POL"]
[SourceTitle "playchess.com"]
[Source "ChessBase"]
[SourceQuality "1"]
[TimeControl "40/5400+30:1800+30"]

1. e4 c5 2. Nf3 e6 3. d4 cxd4 4. Nxd4 a6 5. Bd3 Bc5 6. Nb3 Ba7 7. O-O Ne7 8. Qe2 O-O 9. Be3 Nbc6 10. Bxa7 Rxa7 11. c4 d6 12. Nc3 e5 13. Rfd1 Be6 14. Rd2 Ng6 15. Qe3 b6 16. Bf1 Qb8 17. Rad1 Rd7 18. Nd5 Bxd5 19. cxd5 Nce7 20. Rc1 Qb7 21. f3 Rc7 22. Rdc2 Rxc2 23. Rxc2 f5 24. g3 f4 25. Qc3 b5 26. Kg2 fxg3 27. hxg3 Qb6 28. Qc7 Qe3 29. Rc3 Qh6 30. Kf2 b4 31. Rc1 Rc8 32. Qxd6 Rxc1 33. Qe6+ Kf8 34. Nxc1 Qxc1 35. d6 Qd2+ 36. Kg1 Qe3+ 37. Kg2 Qd2+ 38. Kh3 Qh6+ 39. Kg4 Qh1 40. d7 h5+ 41. Kg5 1-0

[Event "Najdorf Memorial-A 2022"]
[Site "Warsaw"]
[Date "2022.07.10"]
[Round "2.11"]
[White "Mickiewicz, Piotr"]
[Black "Szwaj, Jacek"]
[Result "1-0"]
[ECO "D52"]
[WhiteElo "2284"]
[BlackElo "1938"]
[Annotator "RC"]
[PlyCount "75"]
[EventDate "2022.07.09"]
[EventType "swiss"]
[EventCountry "POL"]
[SourceTitle "playchess.com"]
[Source "ChessBase"]
[SourceQuality "1"]
[TimeControl "40/5400+30:1800+30"]

1. d4 d5 2. c4 e6 3. Nc3 Nf6 4. Bg5 Nbd7 5. e3 c6 6. Nf3 Qa5 7. cxd5 exd5 8. Bd3 Ne4 9. O-O Nxg5 10. Nxg5 Nf6 11. Qc2 h6 12. Nf3 Bd6 13. Rae1 O-O 14. Ne5 Bxe5 15. dxe5 Ne4 16. Bxe4 dxe4 17. Qxe4 Re8 18. f4 f5 19. Qc2 Be6 20. e4 g6 21. exf5 gxf5 22. Rd1 Kf7 23. Rd6 Qc5+ 24. Qf2 Qxf2+ 25. Kxf2 Rad8 26. Rfd1 Ke7 27. Ke3 Rxd6 28. Rxd6 Rg8 29. g3 h5 30. Ne2 c5 31. Nc3 h4 32. Kf2 hxg3+ 33. hxg3 Rh8 34. Kg2 Rc8 35. g4 fxg4 36. Kg3 Rh8 37. Nd5+ Kf7 38. f5 1-0

[Event "Najdorf Memorial-A 2022"]
[Site "Warsaw"]
[Date "2022.07.10"]
[Round "2.11"]
[White "Fiszer, Bartosz"]
[Black "Spicak, Krzysztof"]
[Result "1-0"]
[ECO "B06"]
[WhiteElo "2228"]
[BlackElo "1858"]
[Annotator "RC"]
[PlyCount "97"]
[EventDate "2022.07.09"]
[EventType "swiss"]
[EventCountry "POL"]
[SourceTitle "playchess.com"]
[Source "ChessBase"]
[SourceQuality "1"]
[TimeControl "40/5400+30:1800+30"]

1. e4 g6 2. d4 Bg7 3. Nc3 d6 4. Be3 Nf6 5. f3 c6 6. Qd2 h5 7. a3 b5 8. Bd3 a6 9. Nge2 Nbd7 10. f4 Ng4 11. Bg1 c5 12. h3 cxd4 13. Bxd4 e5 14. Bg1 Ngf6 15. O-O-O Bb7 16. Kb1 Qc7 17. Bxb5 Nxe4 18. Nxe4 Bxe4 19. Nc3 Bf5 20. Nd5 Qxc2+ 21. Qxc2 Bxc2+ 22. Kxc2 Rc8+ 23. Nc3 axb5 24. Rxd6 exf4 25. Bd4 Bxd4 26. Rxd4 Nf6 27. Rxf4 Nd5 28. Re4+ Kf8 29. Re5 Nxc3 30. bxc3 Kg7 31. Rxb5 Rhe8 32. Rd1 Ra8 33. Rb3 Re3 34. Rd3 Re2+ 35. Rd2 Re3 36. Kb2 Re6 37. c4 f5 38. Rc2 h4 39. c5 Raa6 40. Rb4 g5 41. a4 Kf6 42. Kb3 Rec6 43. Rcc4 Ke5 44. Rb5 Kd5 45. a5 f4 46. Kb4 Ra7 47. Rb6 Re7 48. Rc2 Re4+ 49. Kb5 1-0

[Event "Najdorf Memorial-A 2022"]
[Site "Warsaw"]
[Date "2022.07.10"]
[Round "2.12"]
[White "Stachecki, Mikolaj"]
[Black "Sowul, Bartosz"]
[Result "1/2-1/2"]
[ECO "B56"]
[WhiteElo "1918"]
[BlackElo "2283"]
[Annotator "RC"]
[PlyCount "117"]
[EventDate "2022.07.09"]
[EventType "swiss"]
[EventCountry "POL"]
[SourceTitle "playchess.com"]
[Source "ChessBase"]
[SourceQuality "1"]
[TimeControl "40/5400+30:1800+30"]

1. e4 c5 2. Nf3 Nc6 3. d4 cxd4 4. Nxd4 Nf6 5. Nc3 d6 6. f3 e5 7. Nb3 Be6 8. Be3 d5 9. exd5 Nxd5 10. Nxd5 Qxd5 11. Qxd5 Bxd5 12. O-O-O O-O-O 13. Bb5 a6 14. Bxc6 Bxc6 15. Rxd8+ Kxd8 16. Na5 Kc7 17. Rd1 Bb5 18. c4 Ba4 19. Rd5 f6 20. f4 b6 21. fxe5 bxa5 22. Rxa5 Bc6 23. exf6 gxf6 24. Rxa6 Bd6 25. g3 Re8 26. Kd2 f5 27. a3 h5 28. b4 h4 29. c5 Be5 30. Ra7+ Kb8 31. Rf7 hxg3 32. hxg3 Rd8+ 33. Ke2 Bb5+ 34. Kf2 Rd1 35. Kg2 Rd3 36. Bf4 Bc6+ 37. Kg1 Bxf4 38. gxf4 Rg3+ 39. Kh2 Rg2+ 40. Kh3 Rb2 41. Kh4 Be4 42. Kg5 Rb3 43. Rf8+ Kc7 44. Rf7+ Kc8 45. Ra7 Kb8 46. Ra6 Kc7 47. Kf6 Bd3 48. Ra7+ Kb8 49. Ra5 Kb7 50. Ke5 Kc6 51. Ra8 Rb1 52. Rc8+ Kb7 53. Rh8 Be4 54. Rh6 Ra1 55. Rh7+ Kb8 56. b5 Rxa3 57. Kf6 Rc3 58. Rh8+ Kb7 59. Rh7+ 1/2-1/2

[Event "Najdorf Memorial-A 2022"]
[Site "Warsaw"]
[Date "2022.07.10"]
[Round "2.12"]
[White "Gasiorek, Dariusz"]
[Black "Golecki, Jan"]
[Result "0-1"]
[ECO "E21"]
[WhiteElo "1854"]
[BlackElo "2219"]
[Annotator "RC"]
[PlyCount "72"]
[EventDate "2022.07.09"]
[EventType "swiss"]
[EventCountry "POL"]
[SourceTitle "playchess.com"]
[Source "ChessBase"]
[SourceQuality "1"]
[TimeControl "40/5400+30:1800+30"]

1. d4 Nf6 2. c4 e6 3. Nf3 b6 4. Nc3 Bb4 5. Qb3 Qe7 6. Bg5 Bb7 7. e3 h6 8. Bh4 c5 9. a3 Ba5 10. dxc5 Na6 11. O-O-O Nxc5 12. Qc2 Bxc3 13. Qxc3 Nce4 14. Qd4 d6 15. Nd2 g5 16. Nxe4 Nxe4 17. Qxh8+ Kd7 18. Qxh6 gxh4 19. Qf4 e5 20. Qf5+ Qe6 21. Qf3 Rc8 22. Qe2 Ba6 23. Qf3 Bb7 24. Qe2 h3 25. f3 Ba6 26. fxe4 Bxc4 27. Qf3 Be2+ 28. Kb1 Bxf3 29. gxf3 Ke7 30. Ba6 Rc5 31. Rd3 Qd7 32. Rhd1 Qa4 33. Bb7 Qc2+ 34. Ka2 Rb5 35. R3d2 Rxb2+ 36. Ka1 Ra2# 0-1